 Dungeon Crawl Stone Soup version 0.18.1-6-gd335043 (webtiles) character file.

288 mopl the Cleaver (level 6, 0/52 HPs)
             Began as a Hill Orc Fighter on May 17, 2016.
             Was an Initiate of the Shining One.
             Succumbed to a scorpion's poison
             ... on level 4 of the Dungeon.
             The game lasted 00:04:47 (3444 turns).

mopl the Cleaver (Hill Orc Fighter)                 Turns: 3444, Time: 00:04:48

Health: 0/52       AC: 12    Str: 19    XL:     6   Next: 31%
Magic:  6/6        EV:  8    Int: 10    God:    the Shining One [......]
Gold:   234        SH: 10    Dex: 19    Spells: 0 memorised, 5 levels left

rFire  + . .     SeeInvis .     a - +0 war axe
rCold  . . .     Gourm    .     x - +0 plate armour
rNeg   . . .     Faith    .     c - +0 shield
rPois  .         Spirit   .     (no helmet)
rElec  .         Dismiss  .     (no cloak)
rCorr  +         Reflect  .     (no gloves)
SustAt .         Harm     .     (no boots)
MR     .....                    (no amulet)
Stlth  ..........               p - ring of protection from fire
                                j - ring of resist corrosion

@: agile, lethally poisoned (0 -> -14), flying, very slightly contaminated,
hasted, glowing, very quick, not resistant to hostile enchantments, extremely
unstealthy
A: rugged brown scales 1, agile 1, clever 1
a: Renounce Religion


You were on level 4 of the Dungeon.
You worshipped the Shining One.
The Shining One was noncommittal.
You were not hungry.

You visited 1 branch of the dungeon, and saw 4 of its levels.

You collected 234 gold pieces.

Inventory:

Hand Weapons
 a - a +0 war axe (weapon)
Armour
 c - a +0 shield (worn)
 x - a +0 plate armour (worn)
Jewellery
 j - a ring of resist corrosion (left hand)
 p - a ring of protection from fire (right hand)
Wands
 r - a wand of digging (15/24)
Scrolls
 e - 2 scrolls of identify {unknown}
 i - 4 scrolls of remove curse
 l - 2 scrolls of blinking {unknown}
 n - a scroll of fog {unknown}
 q - a scroll of random uselessness {unknown}
 t - a scroll of enchant armour {unknown}
 u - a scroll of fear {unknown}
 v - 3 scrolls of teleportation
Potions
 d - 2 potions of might
 o - a potion of haste
Comestibles
 f - 3 bread rations
 g - 4 fruits


   Skills:
 - Level 3.6 Fighting
 + Level 8.5 Axes
 - Level 3.2 Armour
 - Level 3.2 Shields


You had 5 spell levels left.
You didn't know any spells.

Dungeon Overview and Level Annotations

Branches:
Dungeon (4/15)
 Temple: D:4-7

Altars:
Cheibriados
Dithmenos
Okawaru
Sif Muna
The Shining One


Innate Abilities, Weirdness & Mutations

You are partially covered in rugged brown scales (AC +1, +3% HP).
You are agile. (Dex +2)
Your mind is acute. (Int +2)


Message History

It was a potion of flight.
You feel very buoyant.
You fly up into the air.
* * * LOW HITPOINT WARNING * * *
You feel sick.
Drink which item? (? for menu, Esc to quit)
It was a potion of magic.
Magic courses through your body.
* * * LOW HITPOINT WARNING * * *
You feel sick.
The scorpion stings you but does no damage.
Drink which item? (? for menu, Esc to quit)
It was a potion of agility.
You feel agile all of a sudden. The Shining One protects you from harm!
The scorpion stings you but does no damage.
Drink which item? (? for menu, Esc to quit)
Okay, then.
You slash the scorpion!
You kill the scorpion!
You die...

###...#.##.# .
##....##.# .
#.#####.#
.########.......#
#.........#######
# #.######..#
#.#.# #..#
##.#†######..#
##...@##......#
##.....##.###.##
...........###.#
.####.#........#
############


There were no monsters in sight!

Vanquished Creatures
  A scorpion (D:4)
  A crimson imp (D:4)
  A worker ant (D:4)
  8 gnolls
  2 adders
  An ooze (D:1)
  A worm (D:2)
  3 dart slugs
  6 bats
  3 giant cockroaches
  9 goblins
  5 hobgoblins
  6 jackals
  3 quokkas
  3 giant newts
  A goblin skeleton (D:4)
  3 goblin zombies (D:4)
  4 hobgoblin zombies (D:4)
  9 kobolds
  A kobold skeleton (D:4)
  A kobold zombie (D:4)
  2 orc skeletons (D:4)
  An orc zombie (D:4)
  6 rats
81 creatures vanquished.

Notes
Turn   | Place    | Note
--------------------------------------------------------------
     0 | D:1      | mopl the Hill Orc Fighter began the quest for the Orb.
     0 | D:1      | Reached XP level 1. HP: 19/19 MP: 1/1
   153 | D:1      | Reached skill level 3 in Axes
   162 | D:1      | Reached skill level 4 in Axes
   162 | D:1      | Reached XP level 2. HP: 16/26 MP: 2/2
   415 | D:1      | Reached XP level 3. HP: 31/31 MP: 3/3
   676 | D:1      | Reached skill level 5 in Axes
  1338 | D:1      | Reached XP level 4. HP: 17/39 MP: 4/4
  1520 | D:2      | Reached skill level 6 in Axes
  1534 | D:2      | Found an iron altar of Okawaru.
  1622 | D:2      | Found a deep blue altar of Sif Muna.
  1680 | D:2      | Became a worshipper of Sif Muna the Loreminder
  1681 | D:2      | Fell from the grace of Sif Muna
  1881 | D:2      | Found a snail-covered altar of Cheibriados.
  1907 | D:2      | Found a faded altar to an unknown god.
  1933 | D:2      | Became a worshipper of Dithmenos the Shadowed
  1933 | D:2      | Reached * piety under Dithmenos
  1933 | D:2      | Fell from the grace of Dithmenos
  2103 | D:2      | Found a shadowy altar of Dithmenos.
  2103 | D:2      | Found a snail-covered altar of Cheibriados.
  2218 | D:3      | Reached XP level 5. HP: 40/45 MP: 5/5
  2260 | D:3      | Reached skill level 7 in Axes
  2856 | D:4      | Found a glowing golden altar of the Shining One.
  2875 | D:4      | Became a worshipper of the Shining One
  2917 | D:4      | Got an ancient chain mail
  2928 | D:4      | Identified the +1 chain mail of Nyext {rCorr Str-3 Dex+4 Stlth+} (You found it on level 4 of the Dungeon)
  3007 | D:4      | Noticed an ogre
  3382 | D:4      | Reached skill level 8 in Axes
  3382 | D:4      | Reached XP level 6. HP: 46/51 MP: 6/6
  3440 | D:4      | Gained mutation: You are agile. (Dex +2) [potion of mutation]
  3440 | D:4      | Gained mutation: You are partially covered in rugged brown scales (AC +1, +3% HP). [potion of mutation]
  3440 | D:4      | Gained mutation: Your mind is acute. (Int +2) [potion of mutation]
  3440 | D:4      | HP: 2/52 [poisoned by a scorpion]
  3443 | D:4      | The Shining One protects you from harm!
  3444 | D:4      | Succumbed to a scorpion's poison

Skill      XL: |  1  2  3  4  5 |
---------------+----------------+-----
Axes           | 4 5 6 8 |  8.5
Fighting       | |  3.6
Armour         | |  3.2
Shields        | |  3.2

Action                   |  1- 3 |  4- 6 || total
-------------------------+-------+-------++-------
Melee: War axe           |    81 |   168 ||   249
Invok: Renounce Religion |       |     2 ||     2
  Use: Scroll            |       |     2 ||     2
       Potion            |       |     5 ||     5
  Eat: Chunk             |     1 |     5 ||     6
       Royal jelly       |       |     1 ||     1
Armor: Scale mail        |    33 |    51 ||    84
       Plate armour      |       |    22 ||    22
Dodge: Dodged            |    30 |    43 ||    73
Block: Shield            |    47 |    84 ||   131
